 Dungeon Crawl Stone Soup version 0.22.1-1-ga44c0e56f4 (webtiles) character file.

3653 Jannitor the Slicer (level 10, -3/69 HPs)
             Began as a Halfling Chaos Knight on Oct 25, 2018.
             Killed by vampiric draining
             ... invoked by Josephine
              (21 damage)
             ... on level 10 of the Dungeon.
             The game lasted 00:14:03 (10688 turns).

Jannitor the Slicer (Halfling Chaos Knight)        Turns: 10688, Time: 00:14:03

Health: -3/69      AC:  7    Str: 21    XL:     10   Next: 34%
Magic:  10/10      EV: 18    Int: 10    God:    Xom [*.....]
Gold:   249        SH:  5    Dex: 16    Spells: 9/9 levels left

rFire    . . .     SeeInvis .   a - +0 short sword (chaos)
rCold    . . .     Gourm    .   n - +0 buckler
rNeg     . . .     Faith    .   z - +1 robe of the Gravedigger {-Cast Str+6} (curse)
rPois    +         Spirit   .   (helmet restricted)
rElec    .         Reflect  .   t - +1 cloak
rCorr    +         Harm     +   (no gloves)
MR       .....     NoCast   +   (no boots)
Stlth    +++.......             A - amulet of harm
HPRegen  0.21/turn              o - ring of poison resistance (curse)
MPRegen  0.12/turn              p - ring of resist corrosion

@: slowed, drained, very slow
A: small, horns 1, molten scales 1, mutation resistance 1
a: Renounce Religion


You were on level 10 of the Dungeon.
You worshipped Xom.
You were a special plaything of Xom.
You were not hungry.

You visited 1 branch of the dungeon, and saw 10 of its levels.

You collected 561 gold pieces.
You spent 312 gold pieces at shops.

Inventory:

Hand Weapons
 a - a +0 short sword of chaos (weapon)
 f - a +1 quarterstaff of protection
 y - a +1 dagger of venom
Armour
 b - a +2 leather armour
 n - a +0 buckler (worn)
 s - a +0 leather armour of fire resistance
 t - a +1 cloak (worn)
 u - a scarf of cloud immunity
 z - the cursed +1 robe of the Gravedigger (worn) {-Cast Str+6}
   (You found it on level 8 of the Dungeon)

   It affects your strength (+6).
   It prevents spellcasting.
   It has a curse placed upon it.
Jewellery
 o - a cursed ring of poison resistance (left hand)
 p - a ring of resist corrosion (right hand)
 x - a +3 ring of intelligence
 A - an amulet of harm (around neck)
Wands
 m - a wand of flame (37)
 v - a wand of iceblast (12)
Scrolls
 d - 2 scrolls of enchant weapon {unknown}
 e - 3 scrolls of immolation {unknown}
 g - 5 scrolls of teleportation
 h - 12 scrolls of identify {unknown}
 i - 2 scrolls of enchant armour {unknown}
 j - 6 scrolls of remove curse {unknown}
 k - a scroll of magic mapping {unknown}
 l - a scroll of blinking {unknown}
 q - 2 scrolls of random uselessness {unknown}
 r - 2 scrolls of fear {unknown}
Potions
 w - 2 potions of resistance
Comestibles
 c - 12 rations


   Skills:
 + Level 6.8(5.9) Fighting
 + Level 8.9(8.0) Short Blades
 + Level 7.7(6.9) Armour
 + Level 7.4(6.6) Dodging
 - Level 4.4(3.6) Stealth
 + Level 1.4(0.7) Shields


You had 9 spell levels left.
You didn't know any spells.
Your spell library contained the following spells:

 Spells                   Type           Power        Failure   Level  Hunger
 Corona                   Hex            #......      52%         1    ##.....
 Sting                    Conj/Pois      #...         52%         1    ##.....
 Ensorcelled Hibernation  Hex/Ice        #.....       65%         2    ###....
 Poisonous Vapours        Pois/Air       #.....       65%         2    ###....
 Confuse                  Hex            #.......     87%         3    ####...
 Dazzling Spray           Conj/Hex       #.....       87%         3    ####...
 Mephitic Cloud           Conj/Pois/Air  #.......     87%         3    ####...
 Tukima's Dance           Hex            #.......     87%         3    ####...
 Olgreb's Toxic Radiance  Pois           #.......     99%         4    #####..
 Venom Bolt               Conj/Pois      #.........   100%        5    ######.


Dungeon Overview and Level Annotations

Branches:
Dungeon (10/15)            Temple (0/1) D:4
   Lair: D:8-11         Orc: D:9-12

Altars:
Elyvilon
Fedhas
Gozag
Kikubaaqudgha
Makhleb
Nemelex Xobeh
Okawaru
Ru
Sif Muna
Uskayaw
Vehumet
Xom
Zin

Shops:
D:6 *   D:9 [

Annotations:
D:2 1 runed door
D:6 3 runed doors, Artool's ghost, novice DsFi
D:10 Josephine


Innate Abilities, Weirdness & Mutations

You are small and have problems with some larger weapons.
You are somewhat resistant to further mutation.
You have a pair of small horns on your head.
You are partially covered in molten scales. (AC +2)


Message History

Josephine is almost dead.
Josephine is infused with unholy energy.
Josephine draws life force from you and is healed!
You closely miss Josephine.
Josephine is severely wounded.
Josephine hits you with a dagger of draining.
You feel drained.
You completely miss Josephine.
You headbutt Josephine, but do no damage.
Josephine is severely wounded.
Josephine points at you and mumbles some strange words.
The ghostly flame explodes!
The ghostly fireball engulfs you!
You feel drained.
* * * LOW HITPOINT WARNING * * *
The ghostly fireball engulfs Josephine.
Josephine completely resists.
You hear a bellow! x5
You closely miss Josephine. Your headbutt misses Josephine.
Josephine is severely wounded.
Josephine is infused with unholy energy.
You die...
Xom chortles!

................
.................#.
................#.
..................##
.................#.
..................#
..............(...#
................@@#
...........#....#.#
............#.#.###
.............#..#
...........#..###
....#.......#.#
..##.......#.##
..#....#..#.##
#############


You could see Josephine.

Vanquished Creatures
  2 hippogriffs
  A wraith (D:10)
  A wyvern (D:9)
  A tarantella (shapeshifter) (D:8)
  A hungry ghost (D:7)
  2 phantoms
  An orc warrior (D:8)
  An ice beast (D:9)
  A sky beast (D:5)
  3 ogres
  A centaur (D:5)
  A big kobold (D:7)
  Blork the orc (D:5)
  A bullfrog (D:5)
  2 scorpions
  A killer bee (shapeshifter) (D:6)
  5 wights (D:6)
  A howler monkey (D:4)
  A crimson imp (D:5)
  2 bullfrog zombies (D:9)
  3 hounds
  2 centaur skeletons
  2 orc priests
  2 bullfrog skeletons
  A jelly (D:5)
  5 orc wizards
  An iguana (D:5)
  5 worker ants
  11 gnolls
  A howler monkey skeleton (D:7)
  9 adders
  A shadow imp (D:5)
  3 oozes
  An adder zombie (D:6)
  An adder skeleton (D:6)
  2 worms
  9 leopard geckos
  16 orcs
  4 ball pythons
  3 giant cockroaches
  4 goblins (D:1)
  8 hobgoblins
  2 jackals (D:3)
  5 quokkas
  6 bats
  5 frilled lizards
  11 kobolds
  A leopard gecko skeleton (D:8)
  2 rats (D:3)
156 creatures vanquished.

Vanquished Creatures (collateral kills)
  3 wraiths (D:10)
  Edmund (D:6)
  An ice beast (D:9)
  An ogre (D:9)
  An orc wizard (D:6)
  2 orcs
9 creatures vanquished.

Vanquished Creatures (others)
  An orc priest (D:6)
1 creature vanquished.

Grand Total: 166 creatures vanquished

Notes
Turn   | Place    | Note
-------+----------+-------------------------------------------
     0 | D:1      | Jannitor the Halfling Chaos Knight began the quest for the
                  | Orb.
     0 | D:1      | Reached XP level 1. HP: 15/15 MP: 1/1
    24 | D:1      | XOM: harmless Erth miscast
    35 | D:1      | Reached XP level 2. HP: 20/20 MP: 2/2
   163 | D:1      | XOM: butterfly on damage
   471 | D:1      | Reached skill level 4 in Short Blades
   471 | D:1      | Reached XP level 3. HP: 25/25 MP: 3/3
  1309 | D:2      | XOM: harmless Fire miscast
  1500 | D:2      | Reached XP level 4. HP: 26/31 MP: 4/4
  1525 | D:2      | XOM: harmless Conj miscast
  1590 | D:2      | Found a runed door.
  1661 | D:3      | XOM: harmless Hex miscast
  1712 | D:3      | Reached XP level 5. HP: 30/36 MP: 5/5
  2206 | D:3      | Found a white marble altar of Elyvilon.
  2750 | D:4      | Reached skill level 1 in Stealth
  2750 | D:4      | Reached XP level 6. HP: 29/42 MP: 6/6
  2778 | D:4      | XOM: scenery: create altars
  2825 | D:4      | Found an opulent altar of Gozag.
  2825 | D:4      | Found a sparkling altar of Nemelex Xobeh.
  2881 | D:4      | Noticed an ogre
  2892 | D:4      | Killed an ogre
  2892 | D:4      | Reached skill level 5 in Short Blades
  2911 | D:4      | Found a burning altar of Makhleb.
  2916 | D:4      | Found a glowing silver altar of Zin.
  2917 | D:4      | Noticed an angel
  2917 | D:4      | Noticed a balrug
  3018 | D:4      | Reached XP level 7. HP: 26/47 MP: 7/7
  3019 | D:4      | Gained mutation: You are partially covered in molten
                  | scales. (AC +2) [potion of mutation]
  3022 | D:4      | XOM: give mutation
  3022 | D:4      | Gained mutation: You have a pair of small horns on your
                  | head. [Xom's grace]
  3719 | D:4      | Found a staircase to the Ecumenical Temple.
  3819 | D:4      | XOM: harmless Fire miscast
  4227 | D:4      | Found an iron altar of Okawaru.
  4300 | D:5      | Entered Level 5 of the Dungeon
  4337 | D:5      | XOM: harmless Hex miscast
  4400 | D:5      | XOM: harmless Tloc miscast
  4448 | D:5      | XOM: enchant monster (bad)
  4452 | D:5      | XOM: chaos cloud
  4469 | D:5      | XOM: harmless Erth miscast
  4472 | D:5      | XOM: confuse monster(s)
  4499 | D:6      | XOM: harmless Ice miscast
  4514 | D:6      | XOM: mild Tmut miscast
  4636 | D:6      | Found a runed gate.
  4637 | D:6      | Found a runed gate.
  4637 | D:6      | Found a runed gate.
  4638 | D:6      | Noticed Artool's ghost (novice DsFi)
  4645 | D:6      | Noticed Edmund
  4657 | D:6      | XOM: noise
  4662 | D:6      | XOM: summons 7 friendly demons
  4692 | D:6      | Killed Edmund
  4888 | D:6      | XOM: medium Tloc miscast
  4922 | D:6      | Reached XP level 8. HP: 48/54 MP: 8/8
  4976 | D:6      | Found an opulent altar of Gozag.
  5019 | D:6      | XOM: cast spell 'Alistair's Intoxication'
  5027 | D:6      | Found a blossoming altar of Fedhas.
  5030 | D:6      | Found an ancient bone altar of Kikubaaqudgha.
  5272 | D:5      | Reached skill level 6 in Short Blades
  5441 | D:5      | XOM: cast spell 'Dispersal'
  5457 | D:5      | Reached skill level 5 in Armour
  5713 | D:5      | XOM: butterfly on damage
  6105 | D:5      | Reached skill level 5 in Fighting
  6105 | D:5      | Reached skill level 5 in Dodging
  6151 | D:5      | XOM: divination: magic mapping
  6200 | D:5      | Noticed Blork the orc
  6215 | D:5      | Killed Blork the orc
  6317 | D:5      | Found a deep blue altar of Sif Muna.
  6368 | D:5      | XOM: harmless Hex miscast
  6492 | D:6      | XOM: swap monsters
  6499 | D:6      | XOM: enchant monster (bad)
  6504 | D:6      | Reached XP level 9. HP: 58/61 MP: 9/9
  6538 | D:6      | XOM: smoke on damage
  6541 | D:6      | Found Icvioxt's General Store.
  6548 | D:6      | Bought a potion of curing for 36 gold pieces
  6548 | D:6      | Bought a potion of curing for 36 gold pieces
  6548 | D:6      | Bought 2 potions of resistance for 240 gold pieces
  6587 | D:6      | Reached skill level 7 in Short Blades
  6829 | D:6      | XOM: mild Ice miscast
  6928 | D:6      | XOM: harmless Erth miscast
  7495 | D:7      | Noticed a hippogriff
  7503 | D:7      | Killed a hippogriff
  8035 | D:7      | XOM: harmless Tmut miscast
  8160 | D:7      | XOM: cloud trail
  8591 | D:8      | Got a distressingly furry robe
  8602 | D:8      | Identified the cursed +1 robe of the Gravedigger {-Cast
                  | Str+6} (You found it on level 8 of the Dungeon)
  8684 | D:8      | Noticed Harold
  8685 | D:8      | XOM: summons 2 friendly demons
  8699 | D:8      | XOM: scenery: create altars
  8702 | D:8      | Harold changed into Harold the tarantella
  8702 | D:8      | XOM: polymorph Harold -> Harold the tarantella
  9191 | D:8      | XOM: enchant monster (good)
  9199 | D:8      | Reached skill level 8 in Short Blades
  9266 | D:8      | Found a hide-covered altar of Uskayaw.
  9266 | D:8      | Found a radiant altar of Vehumet.
  9351 | D:8      | You fall through a shaft!
  9355 | D:9      | Noticed a hippogriff
  9362 | D:9      | XOM: summons friendly crimson imp
  9368 | D:9      | XOM: cast spell 'Discord'
  9372 | D:9      | Found Arifasaxt's Armour Shop.
  9381 | D:9      | Killed a hippogriff
  9530 | D:9      | XOM: god gift: runed quarterstaff {god gift}
  9654 | D:9      | XOM: smoke on damage
  9655 | D:9      | XOM: confuse monster(s)
  9659 | D:9      | Reached XP level 10. HP: 53/69 MP: 10/10
  9697 | D:9      | XOM: destruction
  9767 | D:9      | XOM: cloud trail
  9809 | D:9      | XOM: summons 10 friendly demons
  9816 | D:9      | Found a sacrificial altar of Ru.
  9873 | D:9      | XOM: enchant monster (bad)
  9935 | D:9      | XOM: summons friendly quasit
  9951 | D:10     | Entered Level 10 of the Dungeon
 10027 | D:10     | XOM: harmless Pois miscast
 10335 | D:10     | XOM: scenery: create altars
 10442 | D:10     | Noticed Josephine
 10450 | D:10     | XOM: summons 5 friendly demons
 10471 | D:10     | Reached skill level 1 in Shields
 10676 | D:10     | XOM: cast spell 'Alistair's Intoxication'
 10688 | D:10     | Killed from afar by Josephine

Skill      XL: |  1  2  3  4  5  6  7  8  9 10 |
---------------+-------------------------------+-----
Short Blades   | 4 5 6 8 |  8.9
Fighting       | 3 4 5 6 |  6.8
Dodging        | 2 3 4 5 6 7 |  7.4
Armour         | 3 4 5 7 |  7.7
Stealth        | 1 2 3 4 |  4.4
Shields        | 1 |  1.4

Action                   |  1- 3 |  4- 6 |  7- 9 | 10-12 || total
-------------------------+-------+-------+-------+-------++-------
Melee: Short sword       |    85 |   209 |   314 |    16 ||   624
       Headbutt          |       |       |    83 |    37 ||   120
       Dagger            |       |       |    61 |    95 ||   156
Evoke: Wand              |       |       |     9 |       ||     9
  Use: Potion            |       |     5 |    11 |       ||    16
       Scroll            |       |       |     1 |       ||     1
 Stab: Sleeping          |     1 |     1 |     8 |     1 ||    11
       Paralysed         |       |     2 |     5 |     1 ||     8
       Confused          |       |       |     4 |     1 ||     5
       Petrifying        |       |       |     1 |       ||     1
  Eat: Chunk             |     2 |     5 |    11 |     3 ||    21
       Ration            |       |       |     3 |       ||     3
Armor: Leather armour    |    23 |    45 |    57 |       ||   125
       Skin              |       |    14 |    20 |       ||    34
       Robe              |       |       |     3 |    19 ||    22
Dodge: Dodged            |    51 |   136 |   220 |    52 ||   459
Block: Buckler           |       |       |       |     2 ||     2
